AoeStats
← O grande

Arabia

509934092Analyzed
1v1 RM · 2d ago on Sep 28, 2026· 39m 20s· 2 players
Game mode
Random Map
Map size
Tiny (2 player)
Population
200
Speed
Normal
Resources
Standard
Victory
Conquest
Starting age
Dark Age
Ending age
Imperial Age
RankedLock teamsTeams togetherTeam positionsShared explorationLock speedFull tech treeHidden civsTurbo modeCheats
Victory
Defeat
🇦🇷 Vietnamese · Argentina
1932
+23
🇧🇷 Tatars · Brazil
2083
-23
★ DrumM ❿
6:27 Loom
8:48 Feudal Age
9:22 Double-Bit Axe
16:13 Wheelbarrow
15:33 Fletching
20:47 Castle Age
18:52 Horse Collar
19:52 Padded Archer Armor
19:42 Gold Mining
20:50 Crossbowman
21:27 Bodkin Arrow
23:00 Bow Saw
22:31 Elite Skirmisher
27:03 Ballistics
30:14 Stone Mining
33:00 Imperial Age
31:25 Stone Shaft Mining
31:57 Thumb Ring
32:09 Leather Archer Armor
33:59 Bracer
35:13 Chemistry
36:06 Arbalester
39:18 Scale Barding Armor
O grande
7:42 Loom
10:19 Feudal Age
10:49 Double-Bit Axe
11:43 Horse Collar
13:59 Fletching
20:36 Castle Age
20:11 Gold Mining
20:58 Wheelbarrow
21:04 Wheelbarrow
20:42 Bloodlines
21:39 Bodkin Arrow
21:46 Padded Archer Armor
22:24 Elite Skirmisher
23:52 Bow Saw
24:47 Leather Archer Armor
24:34 Heavy Plow
24:39 Town Watch
28:06 Wheelbarrow
30:16 Stone Mining
35:37 Imperial Age
34:24 Masonry
36:08 Ballistics
36:21 Bracer
37:23 Chemistry
37:02 Ring Archer Armor
Connection lost

Rejoining the realm…

Still unreachable

The connection could not be restored.

Session expired

The server has moved on; the page needs a fresh start.